Map: Romanticide LE

Players

milkicow - Winner!

  • Race: Terran Terran
  • League: Grandmaster
  • Spawn Location: 11:00

SortOf

  • Race: Zerg Zerg
  • League: Grandmaster
  • Spawn Location: 5:00

Event: DreamHack SC2 Masters 2020 Winter

VOD

Have the link to the VOD?

Description

Time

  • Played on: Oct. 18, 2020, 3:04 p.m.
  • Length: 3:09

All games in this series

Show
View Real Time Build Order
Export as new Build Order

milkicow Terran - Winner!

Build Orders:  

Get SALT Encoding   

  12  0:00  SCV  
  13  0:12  SCV  
  14  0:20  Supply Depot  
  14  0:24  SCV  
  15  0:40  Engineering Bay  
  15  0:42  Barracks  
  15  0:55  Barracks  
  15  0:56  SCV  
  16  1:08  SCV  
  17  1:21  SCV  
  17  1:22  Refinery  
  18  1:29  Marine  
  19  1:33  Orbital Command  
  19  1:41  Supply Depot  
  19  1:45  Marine  
  19  1:46  Marine  
  21  1:58  SCV  
  21  2:00  Bunker  
  22  2:03  Marine  
  23  2:11  Marine  
  23  2:14  SCV  
  25  2:21  Marine  
  26  2:26  SCV  
  26  2:29  Marine  
  27  2:38  SCV  
  27  2:39  Marine  
  29  2:46  Factory  
  29  2:48  Marine  
  29  2:50  SCV  
Show
View Real Time Build Order
Export as new Build Order

SortOf Zerg 

Build Orders: Hatch First 

Get SALT Encoding   

  12  0:00  Drone  
  13  0:12  Overlord  
  13  0:17  Drone  
  14  0:30  Drone x2  
  16  0:48  Hatchery  
  15  0:51  Drone  
  15  0:54  Drone  
  17  0:58  Drone  
  18  1:09  Extractor  
  17  1:12  Spawning Pool  
  16  1:20  Drone x2  
  18  1:32  Drone  
  19  1:41  Drone  
  20  1:59  Queen  
  22  2:01  Queen  
  22  2:02  Zergling x6  
  27  2:11  Zergling x2  
  24  2:31  Zergling x2  
  24  2:33  Zergling x2  
  24  2:35  Zergling x2  
  24  2:36  Zergling x2  
  21  2:44  Zergling x2  
  21  2:48  Zergling x2  
Tags
 
Add a new tag
Caveats
  • Supply blocks, unpowered buildings, or Contaminate may cause inaccurate times.
  • Supply counts are checked every 10 seconds.